 Dungeon Crawl Stone Soup version 0.29.1-12-g30fa7ad0bf (webtiles) character file.

Game seed: 13436400740218057089

63 EarthwalkerPL the Covered (level 4, -2/35 HPs)
             Began as a Human Fighter on Dec 22, 2022.
             Slain by Sigmund
             ... wielding a +1 scythe of protection
              (5 damage)
             ... on level 3 of the Dungeon.
             The game lasted 00:02:54 (2364 turns).

EarthwalkerPL the Covered (Human Fighter)           Turns: 2364, Time: 00:02:55

Health: -2/35      AC:  8    Str: 16    XL:     4   Next: 31%
Magic:  5/5        EV:  9    Int: 10    God:
Gold:   131        SH:  4    Dex: 13    Spells: 5/5 levels left

rFire   . . .      SeeInvis .   a - +0 war axe
rCold   . . .      Faith    .   c - +0 buckler
rNeg    . . .      Spirit   .   b - +0 scale mail
rPois   .          Reflect  .   j - +0 helmet
rElec   .          Harm     .   (no cloak)
rCorr   .          Rampage  .   (no gloves)
Will    .....                   (no boots)
Stlth   ..........              m - amulet of the acrobat
HPRegen 0.11/turn               (no ring)
MPRegen 0.09/turn               (no ring)

@: no status effects
A: no striking features
a: no special abilities


You were on level 3 of the Dungeon.
You visited 1 branch of the dungeon, and saw 3 of its levels.

You collected 131 gold pieces.

Inventory:

Hand Weapons
 a - a +0 war axe (weapon)
 n - a +0 hand axe of draining
Armour
 b - a +0 scale mail (worn)
 c - a +0 buckler (worn)
 j - a +0 helmet (worn)
Jewellery
 m - an amulet of the acrobat (around neck)
Scrolls
 h - a scroll of butterflies {unknown}
 i - 3 scrolls of identify {unknown}
 l - 2 scrolls of poison {unknown}
 o - a scroll of teleportation {unknown}
Potions
 d - 2 potions of might
 e - 3 potions of heal wounds {unknown}
 f - a potion of lignification {unknown}
 g - a potion of flight {unknown}
 k - 3 potions of curing {unknown}


   Skills:
 * Level 3.4 Fighting
 * Level 2.4 Axes
 * Level 3.4 Armour
 + Level 0.9 Dodging
 * Level 3.2 Shields
 * Level 1.1 Spellcasting


You had 5 spell levels left.
You didn't know any spells.
Your spell library contained the following spells:

 Spells                   Type           Power      Damage    Failure   Level
 Static Discharge         Conj/Air       0%         3-3/arc   94%         2
 Dispel Undead            Necr           0%         3d6       100%        4
 Sticky Flame             Conj/Fire      0%         2d3       100%        4


Dungeon Overview and Level Annotations

Branches:
Dungeon (3/15)

Altars:
Ashenzari
Elyvilon

Annotations:
D:3 Sigmund


Message History

You barely miss Sigmund. Sigmund closely misses you.
You hit Sigmund.
Sigmund is moderately wounded.
Sigmund hits you with a +1 scythe of protection.
You are too injured to fight recklessly!
You are too injured to fight recklessly!
You are too injured to fight recklessly!
You are too injured to fight recklessly!
You are too injured to fight recklessly!
You are too injured to fight recklessly!
You are too injured to fight recklessly!
You are too injured to fight recklessly!
You are too injured to fight recklessly!
You are too injured to fight recklessly!
You are too injured to fight recklessly!
You are too injured to fight recklessly!
You are too injured to fight recklessly!
You are too injured to fight recklessly!
You are too injured to fight recklessly!
You are too injured to fight recklessly!
You are too injured to fight recklessly!
You are too injured to fight recklessly!
You are too injured to fight recklessly!
You are too injured to fight recklessly!
You are too injured to fight recklessly!
You hit Sigmund but do no damage.
Sigmund is moderately wounded.
Sigmund casts a spell.
Sigmund flickers and vanishes!
Deactivating autopickup; reactivate with Ctrl-A.
You closely miss something. Something hits you!
* * * LOW HITPOINT WARNING * * *
You miss something. Something hits you but does no damage.
You miss something.
A worm comes into view.
Something hits you!
* * * LOW HITPOINT WARNING * * *
You closely miss something. Something hits you but does no damage.
You barely miss something. Something hits you.
You die...

###.......................
.. #...####.......##..# #.
#................^#.
#..##.###.##......####.#
#.....# #........####.#.
##.###.###.######## #.##.
...........## ##.#.
###.###.#.## ##.) #.#@#
##. #..†{J# ########.
#...#.... .........
#.######## ######### #w#
#. #


You could see a worm and an endoplasm.

Vanquished Creatures
  2 adders
  A worm (D:2)
  4 ball pythons
  4 bats (D:1)
  An endoplasm (D:1)
  3 giant cockroaches
  5 hobgoblins
  3 jackals (D:1)
  2 kobolds (D:2)
  3 quokkas
  A frilled lizard (D:2)
  3 goblins
  6 rats
38 creatures vanquished.

Vanquished Creatures (others)
  31 plants (D:1)
31 creatures vanquished.

Grand Total: 69 creatures vanquished

Notes
Turn   | Place    | Note
-------+----------+-------------------------------------------
     0 | D:1      | EarthwalkerPL the Human Fighter began the quest for the
                  | Orb.
     0 | D:1      | Reached XP level 1. HP: 18/18 MP: 1/1
   241 | D:1      | Reached XP level 2. HP: 24/24 MP: 2/2
   675 | D:1      | Reached XP level 3. HP: 29/29 MP: 3/3
  1488 | D:2      | Found a white marble altar of Elyvilon.
  1724 | D:2      | Reached XP level 4. HP: 32/35 MP: 5/5
  2065 | D:2      | Found a faded altar of an unknown god.
  2152 | D:2      | Reached skill level 1 in Spellcasting
  2327 | D:3      | Found a broken altar of Ashenzari.
  2350 | D:3      | Noticed Sigmund
  2364 | D:3      | Slain by Sigmund

Illustrated notes

Levels and vault maps discovered:
D:1:      roderic_crop_circles_arrival_small, layout_loops_ring
D:2:      layout_basic, basic_altar, dilly_ecumenical_altar_fadedgnrine,
          minmay_tree_intersection
D:3:      layout_loops_ring, mainiacjoe_overflow_small_starburst, uniq_sigmund

Skill      XL: |  1  2  3  4 |
---------------+-------------+-----
Spellcasting   | 1 |  1.1
Fighting       | |  3.4
Axes           | |  2.4
Armour         | |  3.4
Dodging        | |  0.9
Shields        | |  3.2

Action                   |  1- 3 |  4- 6 || total
-------------------------+-------+-------++-------
Melee: War axe           |   116 |    19 ||   135
Armor: Scale mail        |    46 |     7 ||    53
Dodge: Dodged            |    35 |     7 ||    42
Block: Buckler           |    16 |     2 ||    18
